Map: Rhoskallia EC

Players

Loulouti

  • Race: Zerg Zerg
  • Spawn Location: 5:00

MrRhum

  • Race: Zerg Zerg
  • Spawn Location: 6:00

CocaCake

  • Race: Zerg Zerg
  • Spawn Location: 11:00

Fleks

  • Race: Protoss Protoss
  • League: Silver
  • Spawn Location: 12:00

VOD

Have the link to the VOD?

Description

Time

  • Played on: Aug. 16, 2020, 5:38 p.m.
  • Length: 18:57
Show
View Real Time Build Order
Export as new Build Order

Loulouti Zerg 

Build Orders: Pool First 

Get SALT Encoding   

  12  0:00  Drone  
  13  0:08  Drone  
  14  0:27  Spawning Pool  
  13  0:30  Drone  
  13  0:35  Extractor  
  13  0:36  Drone  
  14  1:09  Hatchery  
  14  1:10  Overlord  
  13  1:28  Queen  
  15  1:51  Drone  
  16  1:54  Drone  
  16  2:00  Drone  
  18  2:13  Lair  
  18  2:14  Zergling x4  
  20  2:22  Queen  
  22  2:35  Zergling x6  
  25  2:50  Zergling x6  
  21  3:28  Spire, Drone x3  
  21  3:29  Drone x3  
  26  4:00  Overlord  
  26  4:01  Overlord x2  
  26  4:07  Extractor  
  25  4:23  Hatchery  
  25  4:24  Drone x3  
  25  4:26  Drone  
  28  4:43  Mutalisk x2  
  32  4:47  Mutalisk  
  32  4:50  Drone  
  35  5:03  Mutalisk  
  35  5:05  Drone x2  
  35  5:06  Drone  
  40  5:19  Mutalisk  
  40  5:20  Drone  
  40  5:21  Drone x2  
  45  5:30  Overlord  
  45  5:32  Drone  
  46  5:51  Mutalisk  
  47  6:14  Mutalisk  
  47  6:29  Extractor  
  47  6:30  Extractor  
  47  6:31  Drone  
  47  6:32  Drone x11  
  57  6:44  Extractor  
  56  6:50  Extractor  
  55  7:15  Mutalisk x4  
  59  7:18  Overlord x2  
  59  7:19  Overlord  
  59  7:20  Drone x2  
  61  7:46  Mutalisk  
  49  8:13  Drone x9  
  58  8:35  Mutalisk x2  
  58  8:36  Mutalisk x2  
  58  8:39  Drone x2  
  68  8:41  Queen x3  
  68  8:44  Spine Crawler  
  68  8:45  Spine Crawler  
  68  8:46  Spine Crawler  
  71  8:54  Spore Crawler  
  70  9:07  Zerg Flyer Weapons Level 1  
  70  9:17  Queen x3  
  76  9:29  Mutalisk  
  76  9:30  Mutalisk x2  
  82  9:47  Spore Crawler  
  82  9:48  Spore Crawler  
  80  10:04  Mutalisk x5  
  78  10:13  Mutalisk  
  68  10:39  Drone x9  
  68  10:40  Drone x3  
  80  11:02  Zerg Flyer Armor Level 1  
  80  11:03  Mutalisk x3  
  80  11:04  Mutalisk x3  
  74  11:27  Corruptor x3  
  74  11:28  Corruptor x4  
  88  11:53  Mutalisk  
  90  11:56  Overlord x7  
  78  12:24  Corruptor  
  78  12:25  Corruptor x7  
  78  12:49  Mutalisk  
  78  12:50  Mutalisk x3  
  80  13:09  Corruptor x3  
  72  13:20  Corruptor x2  
  68  13:35  Corruptor  
  68  13:36  Corruptor x2  
  72  14:00  Hatchery  
  69  14:12  Hatchery  
  68  14:24  Corruptor  
  68  14:25  Corruptor x6  
  82  14:58  Evolution Chamber  
  81  15:02  Evolution Chamber  
  80  15:08  Drone  
  80  15:09  Drone x9  
  80  15:10  Overlord  
  80  15:11  Overlord x3  
  90  15:18  Queen, Drone  
  93  15:28  Extractor  
  93  15:29  Extractor  
  81  15:58  Corruptor x7  
  95  16:27  Mutalisk x8  
  95  16:28  Mutalisk  
  95  16:32  Drone x2  
  115  16:33  Drone  
  116  17:08  Queen  
  116  17:14  Mutalisk x8  
  134  17:17  Overlord x2  
  134  17:50  Mutalisk x4  
  134  17:51  Mutalisk x4  
  144  18:08  Corruptor  
  144  18:09  Corruptor x2  
Show
View Real Time Build Order
Export as new Build Order

MrRhum Zerg 

Build Orders: Pool First 

Get SALT Encoding   

  12  0:01  Drone  
  13  0:13  Overlord  
  13  0:19  Drone  
  14  0:32  Drone x2  
  16  0:42  Spawning Pool  
  15  0:46  Drone  
  15  0:49  Drone  
  17  1:12  Hatchery  
  17  1:16  Drone  
  17  1:20  Drone  
  18  1:29  Zergling x2  
  19  1:33  Extractor  
  19  1:36  Queen  
  20  1:40  Overlord  
  20  1:53  Zergling x2  
  20  1:54  Zergling x2  
  22  2:03  Zergling x2  
  23  2:17  Drone  
  23  2:22  Drone  
  25  2:34  Metabolic Boost  
  25  2:47  Zergling x8  
  25  2:48  Zergling x8  
  33  3:01  Drone x2  
  33  3:18  Zergling x4  
  34  3:25  Zergling x4  
  36  3:32  Baneling Nest, Lair  
  35  3:37  Overlord x2  
  35  3:48  Drone  
  36  3:54  Queen  
  37  4:01  Zergling x6  
  38  4:10  Drone  
  38  4:11  Drone x4  
  43  4:17  Roach Warren  
  43  4:23  Evolution Chamber  
  43  4:24  Baneling x4  
  41  4:26  Baneling  
  41  4:34  Drone x2  
  41  4:36  Extractor  
  41  4:37  Extractor  
  29  5:01  Zergling x12  
  34  5:09  Zergling x4  
  34  5:10  Zergling x8  
  40  5:16  Zerg Ground Armor Level 1  
  40  5:21  Drone x2  
  42  5:36  Roach x3  
  42  5:39  Drone x2  
  50  5:44  Overlord  
  50  5:47  Baneling  
  50  5:48  Baneling x2  
  50  5:53  Baneling  
  50  5:57  Baneling  
  50  6:02  Zergling x6  
  52  6:17  Zergling x2  
  52  6:18  Zergling x14  
  49  6:24  Glial Reconstitution  
  49  6:26  Roach  
  51  6:44  Drone  
  52  6:50  Spore Crawler  
  51  6:55  Hatchery  
  51  6:56  Spore Crawler  
  49  7:03  Roach  
  49  7:04  Roach  
  53  7:10  Baneling  
  53  7:11  Baneling x3  
  53  7:17  Zerg Missile Weapons Level 1  
  53  7:29  Drone x3  
  57  7:30  Drone  
  57  7:41  Drone x3  
  60  7:49  Overlord  
  60  7:51  Overlord  
  60  7:57  Overlord  
  60  8:13  Spine Crawler  
  60  8:14  Drone  
  60  8:15  Drone x3  
  60  8:16  Drone  
  64  8:21  Roach  
  64  8:25  Drone x2  
  68  8:28  Overseer  
  68  8:37  Drone x3  
  68  8:38  Drone  
  72  8:44  Drone x2  
  72  8:45  Drone  
  75  8:54  Drone x3  
  76  9:01  Roach  
  78  9:10  Zerg Ground Armor Level 2  
  78  9:13  Baneling x6  
  78  9:17  Baneling  
  78  9:18  Baneling  
  78  9:19  Roach  
  78  9:20  Roach  
  82  9:28  Overlord x3  
  82  9:38  Extractor  
  81  9:46  Queen  
  81  9:50  Hatchery  
  82  9:59  Roach  
  74  10:00  Roach x8  
  74  10:05  Baneling  
  90  10:09  Roach  
  90  10:10  Roach x2  
  68  10:35  Spine Crawler  
  67  10:42  Roach x9  
  87  10:43  Roach x2  
  87  11:02  Roach  
  89  11:04  Overlord x2  
  89  11:05  Overlord x2  
  85  11:19  Infestation Pit  
  84  11:30  Roach  
  84  11:31  Roach x5  
  92  11:47  Roach  
  92  11:48  Roach x4  
  90  12:04  Roach  
  90  12:05  Roach x2  
  72  12:17  Roach  
  72  12:18  Roach x4  
  80  12:24  Drone x3  
  80  12:25  Drone  
  80  12:28  Roach  
  86  12:31  Ravager x4  
  86  12:32  Ravager x3  
  93  13:00  Roach  
  93  13:01  Roach x8  
  111  13:18  Zerg Missile Weapons Level 2  
  105  13:25  Roach  
  105  13:26  Roach x3  
  113  13:27  Overlord x2  
  113  13:39  Overlord x3  
  113  13:47  Hive  
  113  13:50  Overlord  
  60  14:19  Roach  
  60  14:20  Roach x10  
  66  14:29  Drone x3  
  66  14:30  Drone x2  
  71  14:55  Ravager x7  
  71  14:56  Ravager  
  71  14:57  Roach  
  81  15:11  Extractor  
  81  15:12  Hatchery  
  79  15:17  Roach x5  
  89  15:27  Overseer x3  
  75  15:53  Roach  
  75  15:54  Roach x8  
  95  16:04  Roach  
  95  16:05  Roach x2  
  66  16:47  Roach x5  
  55  16:56  Hatchery  
  48  17:13  Hatchery  
  47  17:32  Zergling x2  
  47  17:33  Zergling x14  
  55  18:06  Baneling x4  
  55  18:07  Baneling x3  
  55  18:08  Baneling  
  55  18:11  Baneling  
  55  18:12  Baneling  
  55  18:14  Hatchery  
  55  18:15  Baneling  
  54  18:31  Roach x3  
Show
View Real Time Build Order
Export as new Build Order

CocaCake Zerg 

Build Orders: Hatch First, Lurkers 

Get SALT Encoding   

  12  0:01  Drone  
  13  0:12  Overlord  
  13  0:18  Drone  
  14  0:31  Drone x2  
  16  0:39  Drone  
  17  0:55  Hatchery  
  17  0:56  Drone  
  17  1:04  Drone, Extractor  
  17  1:08  Drone  
  18  1:20  Spawning Pool  
  18  1:23  Drone  
  18  1:33  Drone  
  19  1:41  Drone  
  20  1:52  Overlord  
  20  2:07  Drone x2  
  22  2:10  Queen x2  
  22  2:11  Zergling x2  
  27  2:17  Metabolic Boost  
  27  2:29  Drone x3  
  30  2:42  Spine Crawler, Drone x2  
  31  2:53  Queen  
  31  2:55  Drone x2  
  31  2:56  Drone  
  36  3:13  Spine Crawler  
  36  3:17  Drone  
  36  3:18  Overlord x2  
  36  3:26  Spine Crawler  
  35  3:31  Drone  
  35  3:33  Overlord  
  36  3:35  Queen  
  36  3:40  Zergling x8  
  42  3:54  Evolution Chamber  
  41  4:05  Evolution Chamber  
  41  4:08  Zergling x2  
  41  4:09  Zergling x8  
  45  4:17  Lair  
  45  4:18  Overlord  
  45  4:29  Zerg Melee Weapons Level 1  
  45  4:42  Baneling Nest  
  44  4:47  Pneumatized Carapace  
  44  4:50  Zergling x2  
  44  4:51  Zergling x20  
  41  5:02  Drone  
  41  5:03  Drone  
  41  5:05  Drone  
  44  5:17  Drone x2  
  46  5:39  Hydralisk Den, Drone x2  
  47  5:43  Roach Warren  
  47  5:46  Drone x5  
  51  5:52  Queen  
  51  5:54  Baneling x2  
  51  5:55  Baneling x2  
  53  5:59  Baneling x3  
  53  6:00  Zergling x6  
  53  6:02  Overlord x2  
  56  6:04  Drone  
  51  6:21  Drone x4  
  51  6:24  Extractor x2  
  53  6:38  Drone x3  
  53  6:39  Drone x4  
  60  6:51  Spore Crawler  
  59  6:57  Spore Crawler  
  59  6:58  Hydralisk x3, Spore Crawler  
  63  7:05  Grooved Spines, Extractor  
  62  7:15  Overlord  
  62  7:24  Drone x5  
  62  7:25  Drone  
  68  7:34  Lurker Den  
  66  7:43  Drone x5  
  69  8:06  Zergling x2  
  69  8:07  Zergling x8  
  69  8:12  Zergling x8  
  78  8:13  Hatchery  
  77  8:21  Zergling x2  
  77  8:22  Zergling x2  
  79  8:32  Nydus Network  
  78  8:35  Baneling x6  
  78  8:36  Baneling x2  
  65  9:03  Zergling x20, Hatchery  
  74  9:11  Zerg Missile Weapons Level 1  
  74  9:13  Hydralisk x4  
  82  9:33  Hydralisk  
  82  9:34  Hydralisk x2  
  82  9:36  Overlord x2  
  88  9:39  Overlord x2  
  88  9:42  Lurker  
  89  9:59  Zergling x4  
  93  10:00  Zergling x8  
  82  10:37  Zerg Ground Armor Level 1  
  77  10:43  Drone x4  
  77  10:44  Drone x9  
  77  10:59  Hydralisk x4  
  78  11:05  Zergling x2  
  79  11:21  Hydralisk  
  79  11:22  Hydralisk x6  
  90  11:37  Lurker  
  90  11:38  Lurker  
  79  12:00  Hydralisk  
  75  12:01  Hydralisk x10  
  91  12:24  Hatchery, Zergling x2  
  91  12:25  Zergling x12  
  97  12:31  Hatchery  
  96  12:47  Nydus Canal  
  96  12:50  Zergling x16  
  104  12:58  Muscular Augments  
  104  12:59  Roach  
  104  13:00  Glial Reconstitution  
  88  13:26  Zerg Missile Weapons Level 2  
  82  13:27  Hydralisk x2  
  82  13:28  Hydralisk x4  
  82  13:31  Drone x5  
  99  13:44  Zergling x2  
  99  13:45  Zergling x16  
  81  14:15  Zergling x2  
  81  14:16  Zergling x14  
  80  14:21  Lurker x3  
  80  14:22  Lurker x2  
  82  14:27  Drone x3  
  82  14:30  Queen, Drone x4  
  91  14:31  Queen  
  93  14:56  Extractor  
  93  14:57  Extractor  
  91  15:01  Hydralisk  
  91  15:02  Hydralisk x6  
  100  16:09  Drone  
  100  16:10  Hydralisk, Drone x3  
  100  16:11  Hydralisk x10  
  126  16:21  Overlord x5  
  126  16:22  Overlord  
  126  16:32  Extractor  
  110  16:50  Zergling x2  
  110  16:51  Zergling x28  
  122  16:54  Extractor  
  122  16:55  Lurker x4  
  122  16:57  Drone x5  
  122  16:58  Drone  
  131  17:25  Hydralisk, Overlord x2  
  131  17:26  Hydralisk x11  
  155  17:42  Infestation Pit  
  154  17:48  Spore Crawler  
  154  17:49  Spore Crawler, Drone x6  
  154  17:50  Spore Crawler  
  155  18:15  Spore Crawler  
Show
View Real Time Build Order
Export as new Build Order

Fleks Protoss 

Build Orders: Carriers 

Get SALT Encoding   

  12  0:00  Probe  
  13  0:13  Probe  
  14  0:19  Pylon  
  14  0:25  Probe  
  15  0:37  Probe  
  15  0:39  Gateway  
  16  0:49  Probe (Chrono Boost)  
  17  0:59  Assimilator  
  17  1:01  Probe (Chrono Boost)  
  18  1:08  Probe (Chrono Boost)  
  19  1:22  Probe  
  20  1:32  Pylon  
  20  1:38  Forge  
  20  1:41  Cybernetics Core  
  20  1:43  Probe  
  21  2:00  Nexus  
  21  2:07  Probe  
  22  2:15  Photon Cannon  
  22  2:23  Pylon  
  22  2:32  Photon Cannon  
  22  2:42  Photon Cannon  
  22  2:54  Probe  
  22  3:06  Probe  
  23  3:17  Warp Gate  
  23  3:18  Probe  
  23  3:19  Stalker (Chrono Boost)  
  24  3:21  Probe  
  27  3:30  Probe  
  27  3:32  Assimilator  
  27  3:34  Probe  
  29  3:35  Gateway  
  29  3:42  Stalker (Chrono Boost), Probe  
  29  3:46  Probe  
  33  3:54  Probe  
  34  3:58  Probe  
  35  4:06  Probe  
  35  4:07  Assimilator  
  36  4:10  Probe  
  36  4:11  Assimilator  
  37  4:17  Pylon  
  37  4:18  Probe  
  37  4:20  Pylon  
  37  4:23  Pylon  
  38  4:35  Zealot, Probe x2  
  42  4:47  Probe  
  42  4:49  Robotics Facility  
  43  5:00  Stargate  
  43  5:12  Probe  
  43  5:13  Probe  
  45  5:25  Probe  
  45  5:26  Probe  
  47  5:37  Robotics Bay  
  47  5:38  Probe  
  47  5:40  Stargate  
  48  5:50  Probe  
  48  5:56  Zealot x2  
  53  6:06  Phoenix  
  55  6:24  Colossus  
  61  6:33  Pylon  
  61  6:36  Pylon  
  61  6:38  Pylon  
  61  6:42  Pylon  
  61  6:45  Phoenix  
  61  6:50  Stalker  
  61  6:51  Stalker  
  58  7:15  Phoenix  
  58  7:18  Phoenix  
  58  7:19  Probe  
  63  7:44  Phoenix  
  65  8:03  Phoenix  
  67  8:09  Phoenix  
  69  8:16  Probe  
  69  8:18  Probe  
  71  8:28  Phoenix, Photon Cannon, Probe  
  71  8:30  Probe  
  71  8:31  Pylon  
  75  8:36  Pylon  
  75  8:38  Phoenix  
  75  8:40  Probe  
  78  8:41  Protoss Air Weapons Level 1 (Chrono Boost)  
  78  8:43  Probe  
  79  8:49  Cybernetics Core  
  79  8:52  Probe  
  79  8:53  Phoenix  
  79  8:55  Probe  
  83  8:57  Photon Cannon  
  83  9:03  Phoenix  
  83  9:04  Probe  
  83  9:07  Probe  
  87  9:18  Phoenix  
  89  9:28  Phoenix  
  91  9:33  Protoss Shields Level 1  
  91  9:43  Phoenix  
  93  9:53  Phoenix  
  91  10:08  Phoenix  
  89  10:18  Phoenix  
  89  10:33  Phoenix  
  91  10:43  Phoenix, Protoss Air Armor Level 1  
  93  10:52  Fleet Beacon  
  93  11:07  Probe  
  93  11:08  Probe  
  77  11:20  Probe x2  
  78  11:29  Zealot  
  78  11:30  Zealot  
  78  11:32  Probe x2  
  84  11:37  Nexus  
  84  11:39  Assimilator  
  84  11:43  Assimilator  
  84  11:44  Probe x2  
  86  11:53  Assimilator  
  85  11:56  Probe x2  
  85  11:58  Assimilator  
  84  12:05  Nexus  
  79  13:08  Carrier x2 (Chrono Boost)  
  83  13:24  Stargate  
  83  13:25  Stargate  
  75  13:56  Probe (Chrono Boost)  
  75  14:02  Carrier x2 (Chrono Boost)  
  72  14:06  Probe (Chrono Boost)  
  72  14:07  Protoss Air Armor Level 2, Protoss Air Weapons Level 2  
  85  14:10  Probe (Chrono Boost)  
  86  14:18  Carrier x2 (Chrono Boost)  
  86  14:22  Probe  
  99  14:29  Probe x3  
  102  14:34  Probe  
  103  14:41  Probe x3  
  106  14:46  Probe  
  107  14:58  Probe  
  107  14:59  Carrier x2  
  120  15:04  Pylon  
  120  15:06  Pylon  
  120  15:08  Pylon  
  120  15:10  Probe  
  120  15:11  Pylon  
  120  15:12  Pylon  
  121  15:14  Pylon  
  121  15:15  Carrier (Chrono Boost)  
  121  15:17  Pylon  
  121  15:20  Pylon  
  127  15:22  Carrier (Chrono Boost), Probe  
  127  15:23  Pylon  
  127  15:26  Pylon  
  134  15:29  Pylon  
  102  16:00  Carrier (Chrono Boost)  
  102  16:01  Carrier (Chrono Boost)  
  102  16:14  Carrier (Chrono Boost)  
  108  16:19  Carrier (Chrono Boost)  
  114  16:52  Carrier x2 (Chrono Boost)  
  126  17:02  Carrier (Chrono Boost)  
  132  17:15  Nexus  
  132  17:17  Pylon  
  132  17:20  Pylon  
  132  17:23  Twilight Council  
  132  17:24  Assimilator  
  132  17:28  Assimilator  
  132  17:31  Carrier (Chrono Boost)  
  138  17:48  Carrier x2 (Chrono Boost)  
Tags
 
Add a new tag
Caveats
  • Supply blocks, unpowered buildings, or Contaminate may cause inaccurate times.
  • Supply counts are checked every 10 seconds.